 Dungeon Crawl Stone Soup version 0.31-a0-920-g28cbb04a8c (webtiles) character file.

Game seed: 17086912799901425554

1920 Gergoth the Chiller (level 8, -2/66 HPs)
             Began as a Demigod Ice Elementalist on Oct 16, 2023.
             Slain by a wraith (9 damage)
             ... on level 6 of the Dungeon on Oct 17, 2023.
             The game lasted 00:21:37 (7918 turns).

Gergoth the Chiller (Demigod Ice Elementalist)      Turns: 7918, Time: 00:21:38

Health: -2/66      AC:  2    Str:  9    XL:     8   Next: 64%
Magic:  15/17      EV: 13    Int: 25    God:
Gold:   175        SH: 10    Dex: 14    Spells: 4/15 levels left

rFire   . . .        B - +1 hand axe (holy)
rCold   . . .        m - +0 buckler
rNeg    . . .        a - +0 robe
rPois   +            (no helmet)
rElec   .            (no cloak)
rCorr   .            (no gloves)
SInv    .            (no boots)
Will    .....        n - amulet of reflection
Stlth   ++           r - ring of poison resistance
HPRegen 0.31/turn    (no ring)
MPRegen 0.15/turn

%: reflection
@: slowed, very slow
A: high MP 1, forlorn, divine attributes
a: no special abilities


You were on level 6 of the Dungeon.
You visited 1 branch of the dungeon, and saw 6 of its levels.
You also visited: Ossuary.

You collected 235 gold pieces.
You spent 60 gold pieces at shops.

Inventory:

Hand Weapons
 B - a +1 hand axe of holy wrath (weapon)
Missiles
 o - 6 darts of dispersal
Armour
 a - a +0 robe (worn)
 m - a +0 buckler (worn)
Jewellery
 n - an amulet of reflection (around neck)
 r - a ring of poison resistance (left hand)
Wands
 t - a wand of charming (5)
 D - a wand of polymorph (6)
Scrolls
 d - a scroll of enchant weapon
 e - a scroll of teleportation
 j - a scroll of identify
 l - a scroll of fog {unknown}
 p - a scroll of torment {unknown}
 u - 3 scrolls of vulnerability {unknown}
 v - a scroll of amnesia {unknown}
 x - a scroll of immolation {unknown}
 y - a scroll of revelation {unknown}
 A - a scroll of butterflies {unknown}
 C - a scroll of fear {unknown}
Potions
 b - a potion of magic
 c - 2 potions of mutation
 f - 3 potions of invisibility {unknown}
 g - 2 potions of heal wounds {unknown}
 h - 2 potions of brilliance {unknown}
 i - 5 potions of enlightenment {unknown}
 k - 2 potions of lignification {unknown}
 q - a potion of might {unknown}
 s - 3 potions of curing {unknown}
 w - 2 potions of cancellation {unknown}
 z - a potion of attraction {unknown}


   Skills:
 + Level 4.1 Fighting
 + Level 4.1 Armour
 + Level 4.5 Dodging
 - Level 1.7 Stealth
 + Level 3.7 Shields
 + Level 4.1 Spellcasting
 + Level 2.1 Summonings
 + Level 5.5 Ice Magic


You had 4 spell levels left.
You knew the following spells:

 Your Spells              Type           Power      Damage    Failure   Level
a - Freeze                Ice            100%       1d10      1%          1
b - Frozen Ramparts       Ice            64%        1d10      4%          3
c - Ozocubu's Armour      Ice            32%        N/A       4%          3
d - Summon Ice Beast      Ice/Summ       24%        N/A       26%         4

Your spell library contained the following spells:

 Spells                   Type           Power      Damage    Failure   Level
 Magic Dart               Conj           20%        1d4       13%         1
 Searing Ray              Conj           10%        2d4       21%         2
 Fulminant Prism          Conj/Hex       2%         3d5       78%         4


Dungeon Overview and Level Annotations

Branches:
Dungeon (6/15)            Ossuary (visited)
 Temple: D:4-7

Shops:
D:1 ?   D:2 ?   D:4 (

Annotations:
D:4 1 runed translucent door, Pi314's ghost, amateur DrCj


Innate Abilities, Weirdness & Mutations

You have an increased reservoir of magic. (+10% MP)
You shall have no god before yourself.
Your divine heritage dramatically boosts your attributes as you level up.


Message History

The wall freezes the scorpion!
The wraith resists.
The wall freezes the wraith.
The wraith hits you!
You hit the wraith but do no damage.
The wraith is lightly damaged.
The wall freezes the scorpion.
The wraith resists.
The wall freezes the wraith.
The wraith closely misses you.
The wall freezes the scorpion.
The wraith resists.
The wall freezes the wraith.
The wraith hits you.
You hit the wraith.
The wraith convulses.
The wraith is moderately damaged.
The wall freezes the scorpion!
You kill the scorpion!
The wraith resists.
The wall freezes the wraith.
The wraith barely misses you.
You hit the wraith but do no damage.
The wraith is heavily damaged.
The wraith resists.
The wall freezes the wraith.
The wraith hits you. The wraith drains your vigour!
You feel yourself slow down.
You closely miss the wraith.
The wraith is heavily damaged.
The wall freezes the wraith but does no damage.
The wraith hits you! The wraith drains your vigour!
You feel as though you will be slow longer.
The wraith resists.
The wall freezes the wraith.
The wraith hits you.
* * * LOW HITPOINT WARNING * * *
The wraith drains your vigour!
You feel as though you will be slow longer.
You hit the wraith but do no damage.
The wraith is heavily damaged.
The wraith completely resists.
The wall freezes the wraith but does no damage.
The wraith hits you.
* * * LOW HITPOINT WARNING * * *
The wraith drains your vigour!
You feel as though you will be slow longer.
The wraith resists.
The wall freezes the wraith.
You block the wraith's attack.
You closely miss the wraith.
The wraith is severely damaged.
The frozen ramparts melt away.
The wraith hits you!
* * * LOW HITPOINT WARNING * * *
The wraith hits you!
You die...

######### #.))W@..##
#)#####..# #.....#
##.##
#....≈....##..#
#....)≈.....##.#
#...≈≈≈≈W...##.#
..#..
#......≈gs....#.###
.#..
#.....)≈).....#.#.##
...#
#?.....?......#....#
..###


You could see a wraith.

Vanquished Creatures
  A water moccasin (D:6)
  An ice beast (D:5)
  2 black bears
  An ogre (D:6)
  A kobold brigand (D:6)
  A phantom (D:6)
  2 elf zombies (Ossuary)
  A bullfrog (D:5)
  5 scorpions
  A howler monkey (D:6)
  A human zombie (Ossuary)
  2 centaur zombies (Ossuary)
  2 orc priests
  2 hounds (D:5)
  3 iguanas
  2 sleepcaps (D:5)
  2 orc wizards (D:4)
  A hound zombie (Ossuary)
  3 mummies (Ossuary)
  7 gnolls
  13 adders
  A shadow imp (D:6)
  2 white imps (D:6)
  2 ufetubi (D:5)
  3 adder zombies (Ossuary)
  3 worms
  A dart slug (D:2)
  11 orcs
  9 ball pythons
  3 endoplasms
  4 giant cockroaches
  A gnoll zombie (Ossuary)
  6 hobgoblins
  7 jackals
  3 quokkas
  8 bats
  2 frilled lizards (D:1)
  5 goblins
  2 goblin zombies (Ossuary)
  5 hobgoblin zombies (Ossuary)
  5 jackal zombies (Ossuary)
  12 kobolds
  3 kobold zombies (Ossuary)
  3 quokka zombies (Ossuary)
  7 rats
  3 rat zombies (Ossuary)
165 creatures vanquished.

Notes
Turn   | Place    | Note
-------+----------+-------------------------------------------
     0 | D:1      | Gergoth the Demigod Ice Elementalist began the quest for
                  | the Orb.
     0 | D:1      | Reached XP level 1. HP: 14/14 MP: 5/5
   160 | D:1      | Found Duuvod's Magic Scroll Shop.
   222 | D:1      | Reached XP level 2. HP: 22/22 MP: 5/7
  1044 | D:2      | Reached skill level 1 in Fighting
  1044 | D:2      | Reached XP level 3. HP: 23/28 MP: 2/8
  1195 | D:2      | Reached skill level 1 in Armour
  1304 | D:2      | Learned a level 3 spell: Frozen Ramparts
  1434 | D:2      | You fall into a shaft and drop 1 floor!
  1725 | D:2      | Found Fuvaazagg's Magic Scroll Boutique.
  1730 | D:2      | Bought a scroll of identify for 20 gold pieces
  1730 | D:2      | Bought a scroll of teleportation for 30 gold pieces
  1730 | D:2      | Bought a scroll of noise for 10 gold pieces
  2299 | D:3      | Reached XP level 4. HP: 35/35 MP: 6/10
  2556 | D:3      | Learned a level 3 spell: Ozocubu's Armour
  2692 | D:4      | Reached skill level 4 in Ice Magic
  2907 | D:4      | Reached skill level 1 in Shields
  2907 | D:4      | Reached XP level 5. HP: 41/41 MP: 2/11
  3264 | D:4      | Found Koagugraw's Weapon Shoppe.
  3588 | D:4      | Found a runed translucent door.
  3588 | D:4      | Noticed Pi314's ghost (amateur DrCj)
  4123 | D:5      | Entered Level 5 of the Dungeon
  4129 | D:5      | Reached XP level 6. HP: 29/48 MP: 9/13
  4231 | D:5      | Found a sand-covered staircase.
  4234 | Ossuary  | Entered an ossuary
  5663 | Ossuary  | Reached XP level 7. HP: 51/56 MP: 1/15
  7011 | D:5      | Learned a level 4 spell: Summon Ice Beast
  7015 | D:5      | Upgraded the game from 0.31-a0-889-g1a8549509d to
                  | 0.31-a0-920-g28cbb04a8c
  7211 | D:5      | Reached skill level 5 in Ice Magic
  7456 | D:6      | Reached skill level 1 in Summonings
  7456 | D:6      | Reached XP level 8. HP: 59/63 MP: 10/16
  7918 | D:6      | Slain by a wraith

Illustrated notes

Levels and vault maps discovered:
D:1:      dpeg_arrival_round_a, layout_rooms, serial_shops, shop,
          grunt_decor_arrowhead
D:2:      layout_basic, chequers_ecumenical_altar_island, serial_shops,
          nicolae_shop_back_alley_shop, minmay_pentomino_t2
D:3:      layout_loops_ring, nemelex_diamond_rough_becter, serial_forest,
          infiniplex_forest_corner_1, infiniplex_forest_lined_corner,
          infiniplex_forest_lined_4_way, infiniplex_forest_pool,
          infiniplex_forest_lined_corner, infiniplex_forest_end_double,
          infiniplex_forest_straight_4, glass_columns_b
D:4:      layout_loops_corners, ashenzari_conservatory_becter,
          minmay_temple_entry_from_below_b, serial_shops, shop,
          gammafunk_ghost_grave
D:5:      layout_rooms, nicolae_tso_swordbearing_angel,
          gammafunk_temple_overflow_statue,
          lightli_ossuary_entry_decrepit_ruins, serial_park_tiny_2
D:6:      layout_cave_pools, nicolae_gozag_cash_rules_everything_around_me,
          mainiacjoe_overflow_catwalk, general_overflow_altar, serial_shops,
          shop, minmay_liquid_box, grunt_potential

Skill      XL: |  1  2  3  4  5  6  7  8 |
---------------+-------------------------+-----
Dodging        | 2 3 4 |  4.5
Spellcasting   | 2 3 4 |  4.1
Fighting       | 1 2 3 4 |  4.1
Armour         | 1 2 3 4 |  4.1
Ice Magic      | 4 5 |  5.5
Shields        | 1 2 3 |  3.7
Summonings     | 1 2 |  2.1
Stealth        | |  1.7

Action                     |  1- 3 |  4- 6 |  7- 9 || total
---------------------------+-------+-------+-------++-------
  Melee: Unarmed           |    15 |   361 |   101 ||   477
         Short sword       |       |       |    28 ||    28
         Hand axe          |       |       |    46 ||    46
   Cast: Freeze            |    86 |    84 |    43 ||   213
         Frozen Ramparts   |     1 |    42 |    27 ||    70
         Ozocubu's Armour  |       |     9 |     7 ||    16
         Summon Ice Beast  |       |       |     1 ||     1
    Use: Scroll            |     2 |     3 |       ||     5
   Stab: Distracted        |       |       |     3 ||     3
 Armour: Robe              |    37 |   287 |   131 ||   455
  Dodge: Dodged            |    36 |   277 |    97 ||   410
  Block: Buckler           |    11 |   259 |   102 ||   372
         Reflection        |       |     3 |     1 ||     4

Table legend: (Time is in decaauts)
 A = Elapsed time spent in this place.
 B = Non-inter-level travel time spent in this place.
 C = Inter-level travel time spent in this place.
 D = Time resting spent in this place.
 E = Time spent auto-exploring this place.
 F = Levels seen in this place.
 G = Mean time per level.
                   A        B        C        D        E       F      G
               +--------+--------+--------+--------+--------+-----+--------+
         Total |   7971 |   7844 |    127 |   1731 |   3300 |   7 | 1138.7 |
       Dungeon |   5726 |   5599 |    127 |    871 |   3300 |   6 |  954.3 |
       Ossuary |   2245 |   2245 |      0 |    860 |      0 |   1 | 2245.0 |
               +--------+--------+--------+--------+--------+-----+--------+

Top non-repeatable levels by time:
 Ossuary: 2245 daAuts
     D:4: 1526 daAuts
     D:5: 1133 daAuts
     D:3: 1078 daAuts
     D:1: 824 daAuts
     D:2: 754 daAuts
     D:6: 409 daAuts
